AoeStats
← Tzichi

Arabia

508102070Analyzed
3v3 RM · 10d ago on Sep 20, 2026· 25m 15s· 6 players
Game mode
Random Map
Map size
Normal (6 player)
Population
200
Speed
Normal
Resources
Standard
Victory
Conquest
Starting age
Dark Age
Ending age
Imperial Age
RankedLock teamsTeams togetherTeam positionsShared explorationLock speedFull tech treeHidden civsTurbo modeCheats
Victory
Defeat
🇬🇧 Wu · United Kingdom
1387
+14
🇲🇽 Koreans · Mexico
1223
+21
🇺🇸 Hindustanis · United States
1221
+21
🇦🇷 Malians · Argentina
1395
-21
🇦🇷 Burgundians · Argentina
1310
-18
🇦🇷 Saracens · Argentina
1294
-17
| CZK | Ashvini
5:13 Loom
9:22 Feudal Age
10:02 Double-Bit Axe
15:07 Fletching
24:06 Castle Age
22:35 Horse Collar
22:46 Gold Mining
24:49 Bodkin Arrow
24:14 Crossbowman
| CZK | - Diego -
6:54 Loom
9:16 Feudal Age
11:12 Double-Bit Axe
16:22 Fletching
17:30 Padded Archer Armor
| CZK | - GranAguila
4:41 Loom
7:12 Loom
10:00 Feudal Age
19:20 Double-Bit Axe
19:16 Horse Collar
20:13 Bow Saw
20:04 Heavy Plow
Defender
7:05 Loom
9:20 Feudal Age
10:01 Double-Bit Axe
11:11 Horse Collar
16:28 Scale Barding Armor
david.indie108
6:19 Loom
9:54 Feudal Age
10:20 Double-Bit Axe
10:36 Stone Mining
11:02 Horse Collar
17:59 Fletching
23:13 Castle Age
22:05 Scale Barding Armor
24:05 Bow Saw
23:56 Heavy Plow
24:34 Stone Shaft Mining
23:23 Elite Skirmisher
24:21 Bodkin Arrow
24:25 Light Cavalry
Tzichi
5:36 Loom
12:12 Feudal Age
13:05 Double-Bit Axe
13:01 Man-at-Arms
14:28 Fletching
16:51 Padded Archer Armor
16:51 Horse Collar
21:24 Wheelbarrow
22:03 Scale Mail Armor
22:14 Forging
24:58 Castle Age
23:17 Arson
25:06 Long Swordsman
25:45 Bodkin Arrow
26:26 Iron Casting
26:06 Chain Mail Armor
Connection lost

Rejoining the realm…

Still unreachable

The connection could not be restored.

Session expired

The server has moved on; the page needs a fresh start.